 Dungeon Crawl Stone Soup version 0.30-a0-913-g9934a0ce24 (webtiles) character file.

Game seed: 13963958168512360180

14275 DeathPants the Cleaver (level 12, -4/113 HPs)
             Began as a Ghoul Monk on Mar 19, 2023.
             Was an Initiate of Gozag.
             Slain by a skeletal warrior
             ... wielding a +4 short sword
              (14 damage)
             ... on level 11 of the Dungeon.
             The game lasted 00:38:20 (12222 turns).

DeathPants the Cleaver (Ghoul Monk)                Turns: 12222, Time: 00:38:22

Health: -4/113     AC: 21    Str: 22    XL:     12   Next: 14%
Magic:  0/20       EV: 12    Int:  5    God:    Gozag
Gold:   501        SH:  0    Dex: 20    Spells: 11/11 levels left

rFire   + . .      SeeInvis .    a - +6 war axe of Womewnyna {drain, rF+ rC+ Will+}
rCold   + + .      Faith    .    (no shield)
rNeg    + + +      Spirit   +    F - +7 swamp dragon scales of Zoet {rPois Dex+3}
rPois   ∞          Reflect  .    G - +1 helmet of Broken Taboos {Rampage Will+ Str+2}
rElec   .          Rampage  +    E - +0 cloak
rCorr   .                        e - +1 pair of gloves
Will    ++...                    D - +0 pair of boots
Stlth   ++                       f - amulet of guardian spirit
HPRegen 0.00/turn                g - ring of magical power
MPRegen 0.17/turn                i - +6 ring of dexterity

@: about to teleport, gold aura, inhibited regen
A: claws 1, cold resistance 1, negative energy resistance 3, inhibited
regeneration, torment resistance 2, devour on kill
a: Renounce Religion, Potion Petition, Call Merchant, Bribe Branch


You were on level 11 of the Dungeon.
You worshipped Gozag.
Gozag was pleased with you.
You visited 2 branches of the dungeon, and saw 13 of its levels.
You also visited: Ossuary.

You collected 2165 gold pieces.
You spent 1664 gold pieces at shops.

Inventory:

Hand Weapons
 a - the +6 war axe of Womewnyna (weapon) {drain, rF+ rC+ Will+}
   (You found it on level 3 of the Dungeon)

   rF:        It protects you from fire.
   rC:        It protects you from cold.
   Will:      It increases your willpower.
 b - the +7 sling of Durable Subterfuge {freeze, Int+7}
   (You found it on level 10 of the Dungeon)

   Int:       It affects your intelligence (+7).
 B - a +5 battleaxe
Missiles
 h - a curare-tipped dart (quivered)
 x - 9 javelins
 y - 71 poisoned darts
Armour
 e - a +1 pair of gloves (worn)
 D - a +0 pair of boots (worn)
 E - a +0 cloak (worn)
 F - the +7 swamp dragon scales of Zoet (worn) {rPois Dex+3}
   (You took it off a wight on level 10 of the Dungeon)

   Dex:       It affects your dexterity (+3).
   rPois:     It protects you from poison.
 G - the +1 helmet of Broken Taboos (worn) {Rampage Will+ Str+2}
   (You found it on level 8 of the Dungeon)

   Str:       It affects your strength (+2).
   Rampage:   It bestows one free step when moving towards enemies.
   Will:      It increases your willpower.
Jewellery
 f - an amulet of guardian spirit (around neck)
 g - a ring of magical power (left hand)
 i - a +6 ring of dexterity (right hand)
 m - a ring of resist corrosion
 s - a ring of willpower
Wands
 w - a wand of flame (38)
 J - a wand of light (8)
Scrolls
 d - 2 scrolls of immolation
 j - 9 scrolls of teleportation
 l - a scroll of brand weapon
 p - 3 scrolls of fog
 q - 3 scrolls of identify
 u - 2 scrolls of fear
 v - 2 scrolls of poison
 z - a scroll of silence
 C - 2 scrolls of magic mapping
 I - a scroll of butterflies
Potions
 c - a potion of ambrosia
 k - a potion of cancellation
 n - 3 potions of curing
 o - 2 potions of attraction
 r - 2 potions of might
 t - 2 potions of resistance
 A - 3 potions of haste
 H - 2 potions of flight
 K - 2 potions of heal wounds


   Skills:
 + Level 12.5 Fighting
 * Level 14.4 Axes
 - Level 2.6 Armour
 - Level 2.6 Dodging
 - Level 2.1 Stealth


You had 11 spell levels left.
You didn't know any spells.
Your spell library contained the following spells:

 Spells                   Type           Power      Damage    Failure   Level
 Stone Arrow              Conj/Erth      0%         3d7       94%         3
 Summon Guardian Golem    Hex/Summ       0%         N/A       94%         3
 Animate Armour           Summ/Erth      0%         N/A       100%        4
 Orb of Destruction       Conj           0%         9d5       100%        7
 Spellforged Servitor     Conj/Summ      0%         N/A       100%        7
 Summon Hydra             Summ           0%         N/A       100%        7
 Lehudib's Crystal Spear  Conj/Erth      0%         10d2      100%        8
 Sublimation of Blood     Necr           Unusable   N/A       N/A         2
 Wereblood                Tmut           Unusable   N/A       N/A         2

Dungeon Overview and Level Annotations

Branches:
Dungeon (12/15)            Temple (1/1) D:4            Lair (0/5) D:10
Ossuary (visited)
    Orc: D:9-12

Altars:
Dithmenos
Fedhas
Gozag
Hepliaklqana
Nemelex Xobeh
Ru
Sif Muna
Uskayaw
Vehumet
Xom
Yredelemnul

Shops:
D:1 !?   D:10 [

Portals:
Trove: D:10 (give +4 ice dragon scales)

Annotations:
D:10 3 runed translucent doors, jasper's ghost, journeyman DsGl


Innate Abilities, Weirdness & Mutations

You are immune to poison.
You have sharp fingernails.
Your flesh is cold resistant. (rC+)
You are immune to negative energy. (rN+++)
You do not regenerate when monsters are visible.
You are immune to unholy pain and torment.
You thrive by killing the living.


Message History

The skeletal warrior hits you but does no damage.
You hit the skeletal warrior but do no damage.
The skeletal warrior is heavily damaged.
The skeletal warrior hits you with a +4 short sword.
You slash the skeletal warrior!
The skeletal warrior is severely damaged.
You hit the skeletal warrior but do no damage.
You hit the skeletal warrior.
The skeletal warrior hits you with a +0 hand axe.
The skeletal warrior hits you but does no damage.
The skeletal warrior hits you with a +4 short sword!
You hit the skeletal warrior but do no damage.
The skeletal warrior is severely damaged.
You hit the skeletal warrior but do no damage.
You barely miss the skeletal warrior. You slice the skeletal warrior!!
The skeletal warrior is almost destroyed.
You hit the skeletal warrior. x2
The skeletal warrior closely misses you.
The skeletal warrior hits you with a +0 mace!
The skeletal warrior hits you with a +4 short sword!
You barely miss the skeletal warrior.
The skeletal warrior is almost destroyed.
You hit the skeletal warrior but do no damage.
You barely miss the skeletal warrior.
The skeletal warrior hits you with a +0 hand axe!
* * * LOW HITPOINT WARNING * * *
The skeletal warrior hits you with a +0 mace!
* * * LOW HITPOINT WARNING * * *
The skeletal warrior hits you but does no damage.
You can't see any enemies this would affect, really read the scroll of fear?
Okay, then.
As you read the scroll of teleportation, it crumbles to dust.
You feel strangely unstable.
The skeletal warrior hits you with a +0 hand axe!
* * * LOW HITPOINT WARNING * * *
The skeletal warrior closely misses you.
The skeletal warrior hits you with a +4 short sword!
You die...
Your body crumbles into a pile of gold.

#.......#####.......
#..#....##...#.....
###.#....##...#.....
##.........#....###..
...........#...####..
..###..###......##.. #.
###..#............
#...##.............###.
#.....@z...........##..
##...zz............#...
#...................##
#..#.(#...............##
#.......................
##................##....
#...:...................
#.......................
......#........


You could see 3 skeletal warriors.

Vanquished Creatures
  A centaur warrior (D:10)
  4 two-headed ogres
  An ugly thing (D:9)
  3 manticores
  A komodo dragon (D:10)
  2 trolls (D:10)
  2 hornets
  4 slime creatures (D:11)
  4 shadows
  A vampire (D:9)
  3 wyverns
  2 basilisks (D:10)
  7 yaks
  3 vampire mosquitoes
  2 steam dragons
  An acid dragon (D:11)
  Duvessa (D:7)
  3 water moccasins (D:10)
  3 sky beasts
  3 ogres
  6 centaurs
  A phantom (D:5)
  6 kobold brigands
  A bullfrog (D:8)
  2 elf zombies (Ossuary)
  A gnoll sergeant (D:8)
  5 scorpions
  19 wights
  Dowan (D:7)
  10 killer bees
  3 howler monkeys
  A human zombie (Ossuary)
  A centaur zombie (Ossuary)
  4 hounds
  2 jellies
  3 orc priests
  Crazy Yiuf (D:7)
  A gnoll bouda (D:10)
  A sleepcap (D:7)
  An iguana (D:5)
  5 orc wizards
  3 mummies
  12 gnolls
  8 adders
  A shadow imp (D:5)
  A white imp (D:7)
  2 ufetubi
  An adder zombie (Ossuary)
  7 dart slugs
  A worm (D:2)
  13 orcs
  7 ball pythons
  6 endoplasms
  4 giant cockroaches
  9 hobgoblins
  29 kobolds
  6 quokkas
  2 bats
  17 goblins
  A goblin zombie (Ossuary)
  13 hobgoblin zombies (Ossuary)
  2 jackal zombies (Ossuary)
  9 kobold zombies
  7 orc zombies
  8 rats
  2 rat zombies (Ossuary)
297 creatures vanquished.

Vanquished Creatures (others)
  A fungus (D:10)
  8 plants (D:10)
9 creatures vanquished.

Grand Total: 306 creatures vanquished

Notes
Turn   | Place    | Note
-------+----------+-------------------------------------------
     0 | D:1      | DeathPants the Ghoul Monk began the quest for the Orb.
     0 | D:1      | Reached XP level 1. HP: 19/19 MP: 0/0
   215 | D:1      | Reached XP level 2. HP: 26/26 MP: 1/1
   223 | D:1      | Reached skill level 3 in Axes
   252 | D:1      | Found Xyprot's Distillery.
   608 | D:1      | Reached skill level 1 in Armour
   608 | D:1      | Reached XP level 3. HP: 28/31 MP: 2/2
   644 | D:2      | Identified the +0 ice dragon scales of Hedonism {Contam
                  | Rampage rElec rF- rC++ Slay-2}
   670 | D:1      | Found Lisuneba's Magic Scroll Shop.
   704 | D:1      | Bought a scroll of identify for 20 gold pieces
   704 | D:1      | Bought a scroll of identify for 20 gold pieces
   731 | D:1      | Found Mupoupn's Magic Scroll Shoppe.
  1153 | D:2      | Found a shimmering blue altar of Sif Muna.
  1305 | D:2      | Found a faded altar of an unknown god.
  1320 | D:2      | Reached XP level 4. HP: 29/40 MP: 3/3
  1922 | D:3      | Reached skill level 4 in Axes
  1957 | D:3      | Identified the +6 war axe of Womewnyna {drain, rF+ rC+
                  | Will+}
  2024 | D:3      | Reached XP level 5. HP: 31/46 MP: 4/4
  2487 | D:4      | Noticed a centaur
  2498 | D:4      | Killed a centaur
  2499 | D:4      | Reached XP level 6. HP: 53/53 MP: 5/5
  2591 | D:5      | Entered Level 5 of the Dungeon
  2602 | D:5      | Reached skill level 5 in Axes
  2617 | D:5      | Reached skill level 5 in Fighting
  2617 | D:5      | Reached XP level 7. HP: 24/61 MP: 5/6
  2863 | D:5      | Found a sacrificial altar of Ru.
  3115 | D:6      | Reached skill level 6 in Axes
  3290 | D:5      | Found a hazy altar of Hepliaklqana.
  3331 | D:4      | Found a hide-covered altar of Uskayaw.
  3375 | D:4      | Found a staircase to the Ecumenical Temple.
  3395 | Temple   | Entered the Ecumenical Temple
  3409 | Temple   | Became a worshipper of Gozag Ym Sagoz the Greedy
  3523 | D:1      | Bought a scroll of identify for 20 gold pieces
  3523 | D:1      | Bought a scroll of fear for 40 gold pieces
  3523 | D:1      | Bought a scroll of teleportation for 30 gold pieces
  3523 | D:1      | Bought a scroll of poison for 40 gold pieces
  4196 | D:5      | Reached XP level 8. HP: 70/70 MP: 7/7
  4425 | D:6      | Reached skill level 7 in Axes
  4624 | D:7      | Found a sand-covered staircase.
  4632 | Ossuary  | Entered an ossuary
  5206 | D:6      | Reached skill level 8 in Axes
  5596 | D:6      | Reached XP level 9. HP: 75/79 MP: 8/8
  6082 | D:7      | Noticed Dowan
  6083 | D:7      | Noticed Duvessa
  6090 | D:7      | Killed Duvessa
  6091 | D:7      | Reached skill level 9 in Axes
  6091 | D:7      | Killed Dowan
  6157 | D:7      | Found a runed translucent door.
  6158 | D:7      | Noticed Crazy Yiuf
  6163 | D:7      | Killed Crazy Yiuf
  6368 | D:8      | Identified the +1 helmet of Broken Taboos {Rampage Will+
                  | Str+2}
  6600 | D:8      | Reached skill level 10 in Axes
  6825 | D:8      | Reached XP level 10. HP: 64/91 MP: 9/9
  7344 | D:10     | Entered Level 10 of the Dungeon
  7521 | D:9      | Noticed a two-headed ogre
  7529 | D:9      | Killed a two-headed ogre
  7530 | D:9      | Reached skill level 11 in Axes
  7841 | D:10     | Reached skill level 10 in Fighting
  8175 | D:9      | Reached skill level 12 in Axes
  8436 | D:9      | Reached XP level 11. HP: 33/101 MP: 4/10
  9051 | D:10     | Noticed a two-headed ogre
  9061 | D:10     | Killed a two-headed ogre
  9200 | D:10     | Found a portal to a secret trove of treasure.
  9308 | D:10     | Found a staircase to the Lair.
  9549 | D:11     | Noticed a manticore
  9571 | D:11     | Killed a manticore
  9572 | D:11     | Reached skill level 13 in Axes
  9810 | D:10     | Identified the +4 falchion of the Five Knives {freeze,
                  | Will+ Int+2}
  9966 | D:10     | Found Wotuo's Antique Armour Emporium.
  9974 | D:10     | Bought a spiked plate armour for 868 gold pieces
  9974 | D:10     | Identified the +2 plate armour of the Stone Wall {Harm MP-9
                  | Int+4 Stlth+} (You bought it in a shop on level 10 of the
                  | Dungeon)
  9997 | D:10     | Noticed a manticore
 10008 | D:10     | Noticed a two-headed ogre
 10017 | D:10     | Killed a manticore
 10338 | D:9      | Killed a two-headed ogre
 10541 | D:10     | Noticed a purple ugly thing
 10556 | D:9      | Killed a purple ugly thing
 10693 | D:10     | Noticed a centaur warrior
 10695 | D:10     | Identified the +7 swamp dragon scales of Zoet {rPois Dex+3}
 10705 | D:10     | Killed a centaur warrior
 10709 | D:10     | Noticed a manticore
 10724 | D:10     | Killed a manticore
 10955 | D:10     | Identified the +7 sling of Durable Subterfuge {freeze,
                  | Int+7}
 11008 | D:10     | Found a runed translucent gate.
 11008 | D:10     | Found a runed translucent gate.
 11009 | D:10     | Found a runed translucent gate.
 11052 | D:10     | Noticed jasper's ghost (journeyman DsGl)
 11194 | D:11     | Reached skill level 14 in Axes
 11347 | D:12     | Noticed a two-headed ogre
 11352 | D:12     | Killed a two-headed ogre
 11353 | D:12     | Reached XP level 12. HP: 112/112 MP: 11/11
 11908 | D:1      | Bought a scroll of identify for 26 gold pieces
 11908 | D:1      | Bought a scroll of identify for 26 gold pieces
 11908 | D:1      | Bought a scroll of magic mapping for 97 gold pieces
 11908 | D:1      | Bought a scroll of identify for 26 gold pieces
 11908 | D:1      | Bought a scroll of identify for 26 gold pieces
 11908 | D:1      | Bought a scroll of fear for 52 gold pieces
 11908 | D:1      | Bought a scroll of magic mapping for 97 gold pieces
 11971 | D:1      | Bought a potion of heal wounds for 60 gold pieces
 11971 | D:1      | Bought a potion of heal wounds for 60 gold pieces
 11971 | D:1      | Bought a potion of curing for 36 gold pieces
 11971 | D:1      | Bought a potion of haste for 120 gold pieces
 12222 | D:11     | Slain by a skeletal warrior

Illustrated notes

Levels and vault maps discovered:
D:1:      arrival_zaba_pyramid, layout_loops_corners, serial_shops,
          shop_fountains, nicolae_lakefront_shop, shop
D:2:      layout_basic, hellmonk_ecumenical_altar_arch_garden, basic_altar
D:3:      layout_rooms
D:4:      layout_basic, mainiacjoe_overflow_small_starburst,
          minmay_temple_entry_overgrown, minmay_ogre_servants
D:5:      layout_rooms, nzn_hepliaklqana_mist_gate, overflow_temple_1_default,
          st_stairs_10
D:6:      layout_basic
D:7:      layout_rooms, nicolae_ossuary_entry_giza, enter_bailey_3,
          uniq_crazy_yiuf_cottage, uniq_duvessa
D:8:      layout_cave_pools, grunt_decor_fettered
D:9:      layout_loops_cross
D:10:     layout_cave_pools, minmay_lair_entry_grove, trove_entry_hex_spiral,
          serial_shops, nicolae_lakefront_shop, gammafunk_ghost_icy,
          minmay_pinched_square
D:11:     layout_cave_pools
D:12:     layout_layer_cave, erik_orc_4, corexii_checkpoint_a
Temple:   hellmonk_temple_of_storms

Skill      XL: |  1  2  3  4  5  6  7  8  9 10 11 |
---------------+----------------------------------+-----
Axes           | 3 4 5 6 8 10 12 14 | 14.4
Armour         | 1 2 |  2.6
Fighting       | 4 5 6 7 9 10 12 | 12.5
Dodging        | |  2.6
Stealth        | |  2.1

Action                     |  1- 3 |  4- 6 |  7- 9 | 10-12 || total
---------------------------+-------+-------+-------+-------++-------
  Melee: Hand axe          |   140 |    55 |       |       ||   195
         Punch             |     2 |       |     5 |     2 ||     9
         War axe           |       |    44 |   282 |   327 ||   653
  Throw: Throwing net      |       |       |       |     3 ||     3
         Dart              |       |       |       |     7 ||     7
  Evoke: Wand              |       |       |       |     1 ||     1
    Use: Scroll            |     3 |     6 |    10 |    11 ||    30
         Potion            |       |       |     2 |     2 ||     4
   Stab: Sleeping          |     1 |     3 |       |       ||     4
         Distracted        |       |       |     2 |     7 ||     9
         Held in net/web   |       |       |       |     1 ||     1
 Armour: Robe              |     1 |       |       |       ||     1
         Ring mail         |    57 |    32 |    53 |       ||   142
         Scale mail        |       |       |    34 |       ||    34
         Chain mail        |       |       |    38 |   147 ||   185
         Swamp dragon scal |       |       |       |    34 ||    34
  Dodge: Dodged            |    79 |    65 |   177 |   163 ||   484

Table legend: (Time is in decaauts)
 A = Elapsed time spent in this place.
 B = Non-inter-level travel time spent in this place.
 C = Inter-level travel time spent in this place.
 D = Time resting spent in this place.
 E = Time spent auto-exploring this place.
 F = Levels seen in this place.
 G = Mean time per level.
                   A        B        C        D        E       F      G
               +--------+--------+--------+--------+--------+-----+--------+
         Total |  12279 |  11342 |    937 |   1850 |   6306 |  14 |  877.1 |
       Dungeon |  11860 |  10931 |    929 |   1850 |   6106 |  12 |  988.3 |
        Temple |     23 |     15 |      8 |      0 |      0 |   1 |   23.0 |
       Ossuary |    395 |    395 |      0 |      0 |    200 |   1 |  395.0 |
               +--------+--------+--------+--------+--------+-----+--------+

Top non-repeatable levels by time:
     D:9: 2256 daAuts
    D:10: 1558 daAuts
     D:1: 1296 daAuts
     D:4: 995 daAuts
     D:6: 955 daAuts
     D:5: 904 daAuts
     D:8: 847 daAuts
     D:2: 806 daAuts
     D:3: 765 daAuts
    D:11: 738 daAuts
     D:7: 691 daAuts
 Ossuary: 395 daAuts
    D:12: 44 daAuts
  Temple: 23 daAuts
